 Dungeon Crawl Stone Soup version 0.17.1-1-g73c8601 (webtiles) character file.

345 Goblin1989 the Insei (level 6, -1/32 HPs)
             Began as a Vine Stalker Monk on Jan 9, 2016.
             Slain by an ogre
             ... wielding a +0 giant club
              (2 damage)
             ... on level 4 of the Dungeon.
             The game lasted 00:08:16 (2858 turns).

Goblin1989 the Insei (Vine Stalker Monk)            Turns: 2858, Time: 00:08:16

Health: -1/32      AC: 10    Str: 16    XL:     6   Next: 58%
Magic:  0/7        EV:  5    Int: 10    God:
Gold:   141        SH:  0    Dex: 16    Spells: 0 memorised, 5 levels left

rFire  . . .     SeeInvis .       - Unarmed
rCold  . . .     Clarity  .     k - +0 plate armour
rNeg   . . .     SustAt   .     (no shield)
rPois  .         Gourm    .     (no helmet)
rElec  .         Spirit   +     (no cloak)
rCorr  .         Warding  .     (no gloves)
rMut   .         Stasis   .     (no boots)
MR     .....                    (no amulet)
Stlth  ..........               (no ring)
                                (no ring)

@: not resistant to hostile enchantments, extremely unstealthy
A: fangs 2, regeneration 2, magic shield, antimagic bite, no device heal 3, rot
immunity
a: no special abilities


You were on level 4 of the Dungeon.
You were hungry.

You visited 1 branch of the dungeon, and saw 4 of its levels.

You collected 141 gold pieces.

Inventory:

Armour
 k - a +0 plate armour (worn)
Jewellery
 e - an uncursed ring of fire {unknown}
Scrolls
 a - 2 scrolls of magic mapping {unknown}
 d - 5 scrolls of identify {unknown}
 h - 2 scrolls of teleportation {unknown}
 m - a scroll of remove curse {unknown}
 n - a scroll of enchant weapon {unknown}
 r - a scroll of fear {unknown}
Potions
 c - a potion of degeneration {unknown}
 g - a potion of heal wounds {unknown}
 i - 2 potions of agility {unknown}
 j - a potion of might {unknown}
 o - a potion of flight {unknown}
 q - 2 potions of curing {unknown}
 t - a potion of cancellation {unknown}
Comestibles
 b - 3 bread rations
 f - 4 fruits
 l - a meat ration
 p - a royal jelly
 s - a chunk of flesh


   Skills:
 - Level 2.6 Fighting
 + Level 2.0 Armour
 - Level 2.4 Dodging
 - Level 2.4 Stealth
 * Level 7.1 Unarmed Combat


You had 5 spell levels left.
You didn't know any spells.

Dungeon Overview and Level Annotations

Branches:
Dungeon (4/15)
 Temple: D:4-7

Altars:
Ashenzari
Ru
Vehumet
The Shining One

Shops:
D:4 (


Innate Abilities, Weirdness & Mutations

You have extremely sharp teeth.
You heal very quickly.
When hurt, damage is shared between your health and your magic reserves.
Your bite disrupts and absorbs the magic of your enemies.
Potions and wands cannot restore your health.
You are immune to rotting.


Message History

You are feeling hungry.
You punch the ogre!
The ogre is heavily wounded.
The ogre hits you with a giant club!
You completely miss the ogre. You bite the ogre. You drain its power.
You feel invigorated.
The ogre is heavily wounded.
You hit the ogre.
The ogre is heavily wounded.
The ogre hits you but does no damage.
You barely miss the ogre. You bite the ogre. You drain its power.
The ogre is severely wounded.
The ogre hits you with a giant club!
* * * LOW HITPOINT WARNING * * *
The ogre hits you with a giant club!
* * * LOW HITPOINT WARNING * * *
You hit the ogre but do no damage. Your bite misses the ogre.
The ogre is severely wounded.
The ogre hits you with a giant club.
You die...

#.##8.∩.8## #...# #.#.....
#.##.⌠.⌠.# ###.#.###.#....
#.##8.8.8# #.......#.#.#..
#.######## ##.##+##.#.#.#.# ####
#.# ###..#...#...#.#.# ...
#.########....#...#.....#.##.###.
...........####...###...÷..<.....
#.#........#⌠.##+#..⌠#..#.##.##^.
#.#.....)..#....@....#....# ...
#.#.....#####..Og...#####.......#
........#...#.......# #.##.##..
###.....#...+..._...+ #..... ..
#.....#...#.......# .....#.# .
#######.####........##.##.....
...........#.........#......
...........#⌠.##+##.⌠#.....
...........##.#....###..#


You could see an ogre and a gnoll.

Vanquished Creatures
  2 hounds
  2 orc wizards
  A hound skeleton (D:4)
  7 adders
  4 gnolls
  An ooze (D:3)
  3 worms
  3 giant geckos
  8 orcs
  3 ball pythons
  8 goblins
  13 hobgoblins
  10 jackals
  6 kobolds
  4 bats
  3 giant cockroaches
  4 giant newts
  10 rats
92 creatures vanquished.

Notes
Turn   | Place    | Note
--------------------------------------------------------------
     0 | D:1      | Goblin1989 the Vine Stalker Monk began the quest for the Orb.
     0 | D:1      | Reached XP level 1. HP: 11/11 MP: 2/2
   122 | D:1      | Reached XP level 2. HP: 7/16 MP: 3/3
   866 | D:2      | Reached XP level 3. HP: 19/19 MP: 4/4
   879 | D:2      | Reached skill level 5 in Unarmed Combat
   882 | D:2      | Found a sacrificial altar of Ru.
  1147 | D:2      | Found a glowing golden altar of the Shining One.
  1147 | D:2      | Found a radiant altar of Vehumet.
  1771 | D:3      | Reached XP level 4. HP: 19/23 MP: 5/5
  1913 | D:3      | Reached skill level 1 in Armour
  2046 | D:3      | Reached XP level 5. HP: 24/27 MP: 4/6
  2112 | D:3      | Reached skill level 6 in Unarmed Combat
  2320 | D:3      | Gained mutation: You heal very quickly. [Vine Stalker growth]
  2320 | D:3      | Reached XP level 6. HP: 22/32 MP: 7/7
  2652 | D:4      | Found a shattered altar of Ashenzari.
  2714 | D:4      | Reached skill level 7 in Unarmed Combat
  2730 | D:4      | Found Afeech's Antique Weapon Emporium.
  2857 | D:4      | HP: 1/32 [ogre/giant club (11)]
  2858 | D:4      | Slain by an ogre

Action                   |  1- 3 |  4- 6 || total
-------------------------+-------+-------++-------
Melee: Unarmed           |   119 |   216 ||   335
 Stab: Sleeping          |     4 |       ||     4
  Eat: Chunk             |     1 |     5 ||     6
